 Dungeon Crawl Stone Soup version 0.17.0-1-g61d176b (webtiles) character file.

175 M4edhros the Sneak (level 5, 0/33 HPs)
             Began as an Octopode Artificer on Nov 7, 2015.
             Succumbed to a scorpion's poison
             ... on level 5 of the Dungeon.
             The game lasted 00:02:19 (1202 turns).

M4edhros the Sneak (Octopode Artificer)             Turns: 1202, Time: 00:02:20

Health: 0/33       AC:  1    Str: 11    XL:     5   Next: 55%
Magic:  8/8        EV: 12    Int: 14    God:
Gold:   65         SH:  0    Dex: 13    Spells: 0 memorised, 4 levels left

rFire  . . .     SeeInvis .     i - +0 spear
rCold  . . .     Clarity  .     (no shield)
rNeg   . . .     SustAt   .     (helmet restricted)
rPois  .         Gourm    .     h - amulet of rage
rElec  .         Spirit   .     (no ring)
rCorr  .         Warding  .     (no ring)
rMut   .         Stasis   .     (no ring)
MR     .....                    (no ring)
Stlth  ++++......               (no ring)
                                (no ring)
                                (no ring)
                                (no ring)

@: lethally poisoned (0 -> -6), not resistant to hostile enchantments, stealthy
A: almost no armour, amphibious, 8 rings, constrict 8, camouflage 1, gelatinous
body 1
a: Evoke Berserk Rage


You were on level 5 of the Dungeon.
You were hungry.

You visited 1 branch of the dungeon, and saw 5 of its levels.

You collected 65 gold pieces.

Inventory:

Hand Weapons
 a - a +0 short sword
 i - a +0 spear (weapon)
Jewellery
 h - an amulet of rage (around mantle)
Wands
 b - a wand of flame (11)
 c - a wand of enslavement (13)
 d - a wand of random effects (14)
Comestibles
 e - a bread ration
 g - a beef jerky


   Skills:
 - Level 1.0 Fighting
 - Level 1.0 Short Blades
 - Level 2.0 Dodging
 * Level 6.1 Stealth
 + Level 4.7 Evocations


You had 4 spell levels left.
You didn't know any spells.

Dungeon Overview and Level Annotations

Branches:
Dungeon (5/15)
 Temple: D:4-7

Altars:
Ashenzari

Annotations:
D:3 Baka's ghost, amateur GrFi


Innate Abilities, Weirdness & Mutations

You cannot wear most types of armour.
You are amphibious.
You can wear up to eight rings at the same time.
You can use your tentacles to constrict eight enemies at once.
Your skin changes colour to match your surroundings (Stealth).
Your rubbery body absorbs attacks (AC +1).


Message History

You feel sick.
* * * LOW HITPOINT WARNING * * *
You feel sick.
Read which item? (? for menu, Esc to quit)
As you read the scroll labeled KYSCHE GOKLUDGH, it crumbles to dust.
You feel strangely unstable.
It was a scroll of teleportation.
* * * LOW HITPOINT WARNING * * *
You feel sick.
Found a trident.
* * * LOW HITPOINT WARNING * * *
You feel sick.
Your surroundings suddenly seem different.
* * * LOW HITPOINT WARNING * * *
You feel sick.
Found four items.
Found a stone staircase leading down.
You see here a runed granite ring.
Press: ? - help, v - describe, . - travel, g - get item A runed granite ring.
The floor.
You die...

#.. #.# #.#
# #.# #. #.#
#.# #.# #.#
#.####.#.
#.##=.?.>...
#@..?....#.
#!########.#
#.# #.# #. #


There were no monsters in sight!

Vanquished Creatures
  A scorpion (D:5)
  A hound (D:4)
  A centaur zombie (D:5)
  A centaur skeleton (D:4)
  2 bats
  2 giant cockroaches
  A hobgoblin (D:1)
  A ball python (D:2)
  5 giant newts
15 creatures vanquished.

Vanquished Creatures (collateral kills)
  A scorpion (D:4)
1 creature vanquished.

Vanquished Creatures (others)
  An iguana (D:4)
1 creature vanquished.

Grand Total: 17 creatures vanquished

Notes
Turn   | Place    | Note
--------------------------------------------------------------
     0 | D:1      | M4edhros the Octopode Artificer began the quest for the Orb.
     0 | D:1      | Reached XP level 1. HP: 13/13 MP: 3/3
   448 | D:2      | Reached XP level 2. HP: 18/18 MP: 4/4
   490 | D:3      | Noticed Baka's ghost (amateur GrFi)
   515 | D:4      | Noticed a scorpion
   534 | D:4      | Killed a scorpion
   534 | D:4      | Reached XP level 3. HP: 23/23 MP: 5/5
   538 | D:4      | Reached skill level 4 in Stealth
   678 | D:4      | Found a shattered altar of Ashenzari.
   696 | D:4      | Reached skill level 5 in Stealth
   696 | D:4      | Reached XP level 4. HP: 13/28 MP: 7/7
   912 | D:5      | Entered Level 5 of the Dungeon
   978 | D:5      | Reached XP level 5. HP: 16/33 MP: 8/8
  1185 | D:5      | Reached skill level 6 in Stealth
  1200 | D:5      | HP: 1/33 [poisoned by a scorpion]
  1202 | D:5      | Succumbed to a scorpion's poison

Action                   |  1- 3 |  4- 6 || total
-------------------------+-------+-------++-------
Melee: Short sword       |    25 |    11 ||    36
       Spear             |       |     6 ||     6
Evoke: Wand              |     2 |     5 ||     7
  Use: Potion            |     4 |       ||     4
       Scroll            |       |     1 ||     1
 Stab: Sleeping          |     5 |     3 ||     8
